 Dungeon Crawl Stone Soup version 0.27.1-3-gb3d3a73c9e (webtiles) character file.

Game seed: 15549589077874005856

1372 unlimited1921 the Vexing (level 8, -7/61 HPs)
             Began as a Gnoll Arcane Marksman on Oct 30, 2021.
             Engulfed by a cloud of flame (23 damage)
             ... on level 5 of the Dungeon.
             The game lasted 01:01:34 (13441 turns).

unlimited1921 the Vexing (Gnoll Arcane Marksman)   Turns: 13441, Time: 01:01:44

Health: -7/61      AC:  9    Str:  9    XL:     8   Next: 66%
Magic:  3/14       EV: 13    Int: 14    God:
Gold:   201        SH:  0    Dex: 14    Spells: 5/16 levels left

rFire    . . .     SeeInvis .   a - +0 hand crossbow
rCold    . . .     Faith    .   (no shield)
rNeg     . . .     Spirit   .   m - +0 leather armour
rPois    .         Reflect  .   h - +0 helmet
rElec    .         Harm     .   n - +0 cloak
rCorr    +         Rampage  .   (no gloves)
Will     .....                  (no boots)
Stlth    ++........             (no amulet)
HPRegen  0.20/turn              f - +4 ring of protection
MPRegen  0.14/turn              B - ring of resist corrosion

@: no status effects
A: fangs 1, strong nose, distributed training, screaming 1, noise suppression
a: no special abilities


You were on level 5 of the Dungeon.
You visited 1 branch of the dungeon, and saw 5 of its levels.

You collected 201 gold pieces.

Inventory:

Hand Weapons
 a - a +0 hand crossbow (weapon)
 r - a +0 hunting sling
 y - a +0 rapier
 E - a +1 whip of flaming
 H - a +0 spear
Missiles
 c - 35 bolts (quivered ammo)
 g - 124 stones
 i - 21 sling bullets
 v - 13 arrows
Armour
 d - a +0 robe
 e - a +0 chain mail
 h - a +0 helmet (worn)
 m - a +0 leather armour (worn)
 n - a +0 cloak (worn)
 p - a +0 ring mail
 x - a scarf of shadows
 C - a +0 plate armour
Jewellery
 f - a +4 ring of protection (left hand)
 B - a ring of resist corrosion (right hand)
Wands
 o - a wand of acid (11)
 u - a wand of flame (9) (quivered)
 G - a wand of iceblast (5)
Scrolls
 k - a scroll of immolation {unknown}
 l - 3 scrolls of silence
 q - a scroll of fog
 w - a scroll of acquirement {unknown}
 z - a scroll of summoning {unknown}
 A - a scroll of fear {unknown}
Potions
 b - 2 potions of curing
 j - a potion of brilliance
 s - a potion of cancellation {unknown}
 t - a potion of mutation
 D - a potion of flight {unknown}
 F - a potion of lignification {unknown}


   Skills:
 + Level 4.3 Fighting
 + Level 3.4 Short Blades
 + Level 3.4 Long Blades
 + Level 3.4 Axes
 + Level 3.4 Maces & Flails
 + Level 3.4 Polearms
 + Level 3.4 Staves
 + Level 3.4 Slings
 + Level 3.4 Bows
 + Level 5.8 Crossbows
 + Level 3.4 Throwing
 + Level 3.4 Armour
 + Level 5.8 Dodging
 + Level 3.4 Stealth
 + Level 3.4 Shields
 + Level 3.4 Unarmed Combat
 + Level 4.5 Spellcasting
 + Level 2.8 Conjurations
 + Level 6.2 Hexes
 + Level 2.8 Summonings
 + Level 2.8 Necromancy
 + Level 2.8 Translocations
 + Level 2.8 Transmutations
 + Level 2.8 Fire Magic
 + Level 2.8 Ice Magic
 + Level 2.8 Air Magic
 + Level 2.8 Earth Magic
 + Level 2.8 Poison Magic
 + Level 3.8 Invocations
 + Level 3.4 Evocations


You had 5 spell levels left.
You knew the following spells:

 Your Spells              Type           Power      Damage    Failure   Level
a - Corona                Hex            22%        N/A       1%          1
b - Blink                 Tloc           N/A        N/A       12%         2
c - Inner Flame           Hex/Fire       15%        N/A       12%         3
d - Portal Projectile     Hex/Tloc       30%        N/A       12%         3
e - Slow                  Hex            20%        N/A       3%          2

Your spell library contained the following spells:

 Spells                   Type           Power      Damage    Failure   Level
 Cause Fear               Hex            10%        N/A       19%         4
 Lesser Beckoning         Tloc           5%         N/A       24%         3
 Manifold Assault         Tloc           11%        N/A       91%         5


Dungeon Overview and Level Annotations

Branches:
Dungeon (5/15)
 Temple: D:4-7

Altars:
Sif Muna
Xom

Shops:
D:4 :


Innate Abilities, Weirdness & Mutations

You have very sharp teeth.
Your uncanny sense of smell can sniff out nearby items.
Your experience applies equally to all skills.
You occasionally shout uncontrollably at your foes.
You passively dampen the noise of your surroundings.


Message History

Casting: Inner Flame (dangerous; 12% risk of failure)
Confirm with . or Enter, or press ? or * to list all spells.
Aiming: Inner Flame (dangerous; 12% risk of failure)
Press: ? - help, Shift-Dir - straight line, f - hound
Aim: a hound (asleep, chance to affect: 77%)
The hound barks!
The hound barely resists.
Casting: Inner Flame (dangerous; 12% risk of failure)
Confirm with . or Enter, or press ? or * to list all spells.
Aiming: Inner Flame (dangerous; 12% risk of failure)
Press: ? - help, Shift-Dir - straight line, f/p - hound
Aim: a hound (chance to affect: 77%)
The hound is filled with an inner flame.
You shoot a bolt. The bolt hits the hound.
Flame seeps out of the hound.
The hound is moderately wounded.
The hound is engulfed in blazing flames.
Flame seeps out of the hound.
The hound bites you but does no damage.
Casting: Inner Flame (dangerous; 12% risk of failure)
Confirm with . or Enter, or press ? or * to list all spells.
You blink.
Casting: Blink (safe; 12% risk of failure)
Confirm with . or Enter, or press ? or * to list all spells.
You blink.
The hound closely misses you. The hound misses you.
Casting: Blink (safe; 12% risk of failure)
Confirm with . or Enter, or press ? or * to list all spells.
You blink.
You shoot a bolt.
The bolt hits the hound but does no damage.
The hound is almost dead.
You shoot a bolt.
The bolt hits the hound but does no damage.
The hound is almost dead.
The hound bites you but does no damage.
You shoot a bolt. The bolt hits the hound!
The hound explodes!
The fiery explosion engulfs you!!!
Ouch! That really hurt!
* * * LOW HITPOINT WARNING * * *
You are engulfed in blazing flames.
You die...

#.........# ##
##..<..#...#####.
#.....###...##...
##.....#
##......#
##.....##
#.....## #......#
#.....# #......##
#.....# #.......#
#.....#
##@.....##
#.....#
#(.##...#########
#ยง.###...# #.^#
#...# #(.# #...#
##..# #...# #...#
#...# #(..##
##... !...###
#...#


There were no monsters in sight!

Vanquished Creatures
  Pikel (D:4)
  A black bear (D:5)
  2 necrophages
  2 ogres
  4 lemures (D:3)
  2 scorpions
  A water moccasin skeleton (D:5)
  2 hounds
  A centaur skeleton (D:4)
  A gnoll shaman (D:5)
  A bullfrog skeleton (D:5)
  Natasha (D:2)
  An iguana (D:4)
  2 adders
  3 gnolls (D:5)
  A howler monkey skeleton (D:4)
  5 worms
  A dart slug (D:3)
  2 orcs
  9 ball pythons
  2 bats
  9 endoplasms
  3 giant cockroaches
  9 goblins
  12 hobgoblins
  4 jackals (D:5)
  6 kobolds
  5 quokkas
  8 frilled lizards
  9 rats
110 creatures vanquished.

Notes
Turn   | Place    | Note
-------+----------+-------------------------------------------
     0 | D:1      | unlimited1921 the Gnoll Arcane Marksman began the quest for
                  | the Orb.
     0 | D:1      | Reached XP level 1. HP: 17/17 MP: 4/4
   249 | D:1      | Reached XP level 2. HP: 23/23 MP: 3/5
   605 | D:1      | Found a faded altar of an unknown god.
   669 | D:1      | Learned a level 2 spell: Blink
  1261 | D:1      | Reached XP level 3. HP: 28/28 MP: 5/7
  3027 | D:2      | Reached skill level 1 in Invocations
  3946 | D:2      | Reached skill level 1 in Short Blades
  3946 | D:2      | Reached skill level 1 in Long Blades
  3946 | D:2      | Reached skill level 1 in Axes
  3946 | D:2      | Reached skill level 1 in Maces & Flails
  3946 | D:2      | Reached skill level 1 in Polearms
  3946 | D:2      | Reached skill level 1 in Staves
  3946 | D:2      | Reached skill level 1 in Slings
  3946 | D:2      | Reached skill level 1 in Bows
  3946 | D:2      | Reached skill level 1 in Throwing
  3946 | D:2      | Reached skill level 1 in Armour
  3946 | D:2      | Reached skill level 1 in Stealth
  3946 | D:2      | Reached skill level 1 in Shields
  3946 | D:2      | Reached skill level 1 in Unarmed Combat
  3946 | D:2      | Reached skill level 1 in Evocations
  4187 | D:2      | Reached XP level 4. HP: 34/34 MP: 6/8
  4302 | D:2      | Noticed Natasha
  4315 | D:2      | Killed Natasha
  4434 | D:2      | Learned a level 3 spell: Inner Flame
  4438 | D:2      | Learned a level 3 spell: Portal Projectile
  4517 | D:2      | Reached skill level 1 in Conjurations
  4517 | D:2      | Reached skill level 1 in Summonings
  4517 | D:2      | Reached skill level 1 in Necromancy
  4517 | D:2      | Reached skill level 1 in Translocations
  4517 | D:2      | Reached skill level 1 in Transmutations
  4517 | D:2      | Reached skill level 1 in Fire Magic
  4517 | D:2      | Reached skill level 1 in Ice Magic
  4517 | D:2      | Reached skill level 1 in Air Magic
  4517 | D:2      | Reached skill level 1 in Earth Magic
  4517 | D:2      | Reached skill level 1 in Poison Magic
  5536 | D:3      | Reached XP level 5. HP: 40/40 MP: 6/9
  5997 | D:3      | Found a shimmering altar of Xom.
  6272 | D:3      | Found a shimmering blue altar of Sif Muna.
  6908 | D:4      | Noticed an ogre
  6914 | D:4      | Killed an ogre
  6915 | D:4      | Reached skill level 5 in Crossbows
  6915 | D:4      | Reached skill level 5 in Dodging
  6915 | D:4      | Reached XP level 6. HP: 47/47 MP: 8/11
  6974 | D:4      | Found a glowing drain.
  6986 | D:4      | Noticed Pikel
  9798 | D:3      | Learned a level 2 spell: Slow
 10076 | D:4      | Noticed a necrophage
 10081 | D:4      | Killed a necrophage
 10082 | D:4      | Reached XP level 7. HP: 52/52 MP: 10/12
 11748 | D:4      | Found Huipsoo's Book Emporium.
 12029 | D:4      | Killed Pikel
 12030 | D:4      | Reached skill level 6 in Hexes
 12030 | D:4      | Reached XP level 8. HP: 31/60 MP: 2/14
 12300 | D:4      | Gained mutation: You occasionally shout uncontrollably at
                  | your foes. [potion of mutation]
 12300 | D:4      | Gained mutation: You passively dampen the noise of your
                  | surroundings. [potion of mutation]
 12319 | D:5      | Entered Level 5 of the Dungeon
 13441 | D:5      | Engulfed by a cloud of flame

Illustrated notes

Levels and vault maps discovered:
D:1:      saegor_arrival_under_anarchy, layout_basic,
          ebering_ecumenical_altar_rust
D:2:      layout_loops_corners, uniq_natasha
D:3:      layout_rooms, nicolae_sif_muna_little_library, xom_butterflies,
          wad_floor_pattern_1, grunt_ministairs_9, minmay_misc_feat_square,
          minmay_fountain_box, serial_park_tiny_2
D:4:      layout_loops_ring, serial_shops, kennysheep_little_box,
          cheibrodos_sewer_entry_drain, kennysheep_doodads,
          minmay_misc_feat_more_columns, uniq_pikel
D:5:      black_bear_nest_2, layout_layer_cave, uniq_eustachio

Skill      XL: |  1  2  3  4  5  6  7  8 |
---------------+-------------------------+-----
Invocations    | 1 2 3 |  3.8
Short Blades   | 1 2 3 |  3.4
Long Blades    | 1 2 3 |  3.4
Axes           | 1 2 3 |  3.4
Maces & Flails | 1 2 3 |  3.4
Polearms       | 1 2 3 |  3.4
Staves         | 1 2 3 |  3.4
Slings         | 1 2 3 |  3.4
Bows           | 1 2 3 |  3.4
Throwing       | 1 2 3 |  3.4
Armour         | 1 2 3 |  3.4
Stealth        | 1 2 3 |  3.4
Shields        | 1 2 3 |  3.4
Unarmed Combat | 1 2 3 |  3.4
Evocations     | 1 2 3 |  3.4
Spellcasting   | 3 4 |  4.5
Conjurations   | 1 2 |  2.8
Summonings     | 1 2 |  2.8
Necromancy     | 1 2 |  2.8
Translocations | 1 2 |  2.8
Transmutations | 1 2 |  2.8
Fire Magic     | 1 2 |  2.8
Ice Magic      | 1 2 |  2.8
Air Magic      | 1 2 |  2.8
Earth Magic    | 1 2 |  2.8
Poison Magic   | 1 2 |  2.8
Fighting       | 3 4 |  4.3
Crossbows      | 5 |  5.8
Dodging        | 5 |  5.8
Hexes          | 6 |  6.2

Action                   |  1- 3 |  4- 6 |  7- 9 || total
-------------------------+-------+-------+-------++-------
Melee: Short sword       |     3 |       |       ||     3
       Rapier            |       |   102 |       ||   102
       Bite              |       |    10 |       ||    10
 Fire: Hand crossbow     |    75 |   158 |    93 ||   326
 Cast: Corona            |    50 |    52 |    16 ||   118
       Blink             |       |     9 |    14 ||    23
       Inner Flame       |       |     2 |    10 ||    12
       Slow              |       |     1 |     6 ||     7
Evoke: Wand              |       |       |     2 ||     2
  Use: Scroll            |       |       |     5 ||     5
       Potion            |       |       |     2 ||     2
Armor: Robe              |     2 |       |       ||     2
       Leather armour    |     7 |    60 |    20 ||    87
Dodge: Dodged            |    35 |   119 |    37 ||   191
